 Dungeon Crawl Stone Soup version 0.24-a0-528-g98e85ec62a (webtiles) character file.

Game seed: 2961717422867856229

230 Gargoyl the Skirmisher (level 5, 0/47 HPs)
             Began as a Centaur Abyssal Knight on Aug 6, 2019.
             Was a Believer of Lugonu.
             Splashed by Ijyb's acid (9 damage)
             ... on level 3 of the Dungeon.
             The game lasted 00:04:35 (2744 turns).

Gargoyl the Skirmisher (Centaur Abyssal Knight)     Turns: 2744, Time: 00:04:36

Health: 0/47       AC: 11    Str: 14    XL:     5   Next: 72%
Magic:  0/7        EV:  6    Int: 11    God:    Lugonu [**....]
Gold:   147        SH:  3    Dex: 10    Spells: 4/4 levels left

rFire    + + .     SeeInvis .   a - +2 hand axe
rCold    . . .     Gourm    .   d - +0 buckler
rNeg     . . .     Faith    .   e - +5 scale mail {rPois}
rPois    +         Spirit   +   (no helmet)
rElec    .         Reflect  .   i - scarf {Spirit}
rCorr    .         Harm     .   (no gloves)
MR       .....                  (no barding)
Stlth    ..........             (no amulet)
HPRegen  0.15/turn              b - ring of protection from fire
MPRegen  0.10/turn              n - ring of protection from fire

@: very quick
A: large, hooves 3, deformed body, speed 2, tough skin 3
a: Depart the Abyss, Bend Space, Renounce Religion


You were on level 3 of the Dungeon.
You worshipped Lugonu.
Lugonu was pleased with you.
You were not hungry.

You visited 1 branch of the dungeon, and saw 3 of its levels.
You visited the Abyss 1 time.

You collected 147 gold pieces.

Inventory:

Hand Weapons
 a - a +2 hand axe (weapon)
Armour
 d - a +0 buckler (worn)
 e - a +5 scale mail of poison resistance (worn)
 i - a scarf of spirit shield (worn)
Jewellery
 b - a ring of protection from fire (left hand)
 n - a ring of protection from fire (right hand)
Wands
 p - a wand of flame (18)
Scrolls
 f - 3 scrolls of identify
 h - 3 scrolls of teleportation
 l - a scroll of fear
 q - a scroll of remove curse
Potions
 g - a potion of resistance {unknown}
 k - a potion of haste {unknown}
 m - a potion of heal wounds {unknown}
 o - a potion of curing
Comestibles
 c - 3 rations


   Skills:
 + Level 4.6 Fighting
 + Level 2.8 Axes
 * Level 2.3 Armour
 + Level 0.9 Dodging
 * Level 0.8 Shields
 * Level 2.9 Invocations


You had 4 spell levels left.
You didn't know any spells.
Your spell library was empty.

Dungeon Overview and Level Annotations

Branches:
Dungeon (3/15)

Altars:
Cheibriados
Fedhas
Sif Muna
Trog

Annotations:
D:3 1 runed translucent door, Burgietje's ghost, novice GrFi; Ijyb


Innate Abilities, Weirdness & Mutations

You have hooves in place of feet.
Armour fits poorly on your strangely shaped body.
You cover ground very quickly.
You have extremely tough skin. (AC +3)


Message History

You slash Ijyb!
Ijyb is severely wounded.
Ijyb hits you but does no damage.
You closely miss Ijyb.
Ijyb is severely wounded.
Ijyb zaps a wand.
The bolt of acid hits you!
You are splashed with acid!
Ijyb hits you but does no damage.
You hit Ijyb but do no damage. You kick Ijyb, but do no damage.
Ijyb is severely wounded.
Ijyb completely misses you.
You closely miss Ijyb.
Ijyb is severely wounded.
Ijyb hits you but does no damage.
You miss Ijyb.
Ijyb is severely wounded.
Ijyb screams, "Get away!"
Ijyb zaps a wand.
The bolt of acid hits you!!
* * * LOW HITPOINT WARNING * * *
You are splashed with acid!
You die...

#................... ..
######....##.#.#.#.# ...
###.........#.#..#
#.†......<.#.#..##
#.####...............#.
#####...................<= .
#........#...........#... .
#.......######..........# ..
#.......#♣8♣##@..###....# #.
#.......#.(W##.g######<####.#
.
#.......##+##...............#
. #........
..###........###.. #
#........#..# ######...# #
###########.# #...# #..# #
#..........# #...# #..# #
##########.########...#
#..### #g##.........# #.....


You could see Ijyb.

Vanquished Creatures
  An ice beast (Abyss:2)
  An orc wizard (D:3)
  4 gnolls
  2 adders (D:2)
  2 worms
  2 leopard geckos
  2 orcs (D:3)
  2 giant cockroaches
  6 goblins
  5 hobgoblins
  4 kobolds
  2 quokkas
  A ball python (D:2)
  3 bats
  4 frilled lizards (D:3)
  6 rats
47 creatures vanquished.

Notes
Turn   | Place    | Note
-------+----------+-------------------------------------------
     0 | Abyss:1  | Gargoyl the Centaur Abyssal Knight began the quest for the
                  | Orb.
     0 | Abyss:1  | Reached XP level 1. HP: 19/19 MP: 2/2
    56 | Abyss:2  | Noticed an efreet
   122 | Abyss:2  | Noticed an ice beast
   134 | Abyss:2  | Killed an ice beast
   134 | Abyss:2  | Reached skill level 4 in Fighting
   134 | Abyss:2  | Reached XP level 2. HP: 25/28 MP: 3/3
   134 | Abyss:2  | Reached XP level 3. HP: 30/34 MP: 4/4
   134 | Abyss:2  | Reached XP level 4. HP: 36/41 MP: 5/5
   136 | Abyss:2  | Noticed a small abomination
   139 | Abyss:2  | Noticed a large abomination
   145 | Abyss:2  | Noticed a cyan very ugly thing
   146 | Abyss:2  | Noticed a rakshasa
   147 | D:1      | Escaped the Abyss
   536 | D:1      | Reached * piety under Lugonu
  1101 | D:2      | Found a snail-covered altar of Cheibriados.
  1180 | D:1      | Reached XP level 5. HP: 39/47 MP: 5/7
  2112 | D:3      | Reached ** piety under Lugonu
  2211 | D:3      | Found a deep blue altar of Sif Muna.
  2212 | D:3      | Found a bloodstained altar of Trog.
  2244 | D:3      | Found a blossoming altar of Fedhas.
  2565 | D:3      | Found a runed translucent door.
  2566 | D:3      | Noticed Burgietje's ghost (novice GrFi)
  2568 | D:3      | Noticed Ijyb
  2744 | D:3      | Splashed by Ijyb's acid

Levels and vault maps discovered:
D:1:      evilmike_arrival_run_for_it, layout_basic
D:2:      layout_basic, nicolae_overflow_crystal_walls, first_ration
D:3:      layout_basic, chequers_temple_overflow_statue_of_worship,
          gammafunk_ghost_grave, fedhas_altar_2, uniq_ijyb

Skill      XL: |  1  2  3  4  5 |
---------------+----------------+-----
Fighting       | 4 |  4.6
Axes           | 2 |  2.8
Armour         | 2 |  2.3
Dodging        | |  0.9
Shields        | |  0.8
Invocations    | |  2.9

Action                   |  1- 3 |  4- 6 || total
-------------------------+-------+-------++-------
Melee: Hand axe          |     4 |   153 ||   157
       Kick              |     1 |    27 ||    28
Invok: Depart the Abyss  |       |     1 ||     1
  Use: Scroll            |     4 |     9 ||    13
       Potion            |     2 |     1 ||     3
  Eat: Chunk             |       |     4 ||     4
Armor: Scale mail        |     1 |    90 ||    91
Dodge: Dodged            |     1 |    51 ||    52
Block: Buckler           |       |    13 ||    13

Table legend:
 A = Non-vault XP
 B = Vault XP
 C = Vault XP percentage of total XP
 D = Non-vault monster count
 E = Vault monster count
 F = Vault count percentage of total count
                 A         B        C        D         E       F
            +---------+---------+-------+---------+---------+-------
      Total |     324 |       5 |   1.5 |      46 |       1 |   2.1
            +---------+---------+-------+---------+---------+-------
        D:1 |      50 |       5 |   9.1 |      13 |       1 |   7.1
        D:2 |      79 |       0 |   0.0 |      17 |       0 |   0.0
        D:3 |      63 |       0 |   0.0 |      15 |       0 |   0.0
    Abyss:2 |     132 |       0 |   0.0 |       1 |       0 |   0.0
            +---------+---------+-------+---------+---------+-------
